 Dungeon Crawl Stone Soup version 0.21-a0-426-g98080a9 (webtiles) character file.

27 slep the Magician (level 2, -1/21 HPs)
             Began as a Demonspawn Wanderer on Nov 7, 2017.
             Slain by an adder (2 damage)
             ... on level 2 of the Dungeon.
             The game lasted 00:06:49 (489 turns).

slep the Magician (Demonspawn Wanderer)              Turns: 489, Time: 00:06:49

Health: -1/21      AC:  2    Str: 15    XL:     2   Next: 93%
Magic:  6/6        EV: 11    Int: 11    God:
Gold:   59         SH:  0    Dex: 11    Spells: 7/8 levels left

rFire    + . .     SeeInvis .   a - +0 hand crossbow
rCold    . . .     Gourm    .   (no shield)
rNeg     . . .     Faith    .   e - +0 robe
rPois    .         Spirit   .   (no helmet)
rElec    .         Reflect  .   (no cloak)
rCorr    .         Harm     .   (no gloves)
MR       .....                  (no boots)
Stlth    +.........             (no amulet)
HPRegen  0.07/turn              (no ring)
MPRegen  0.10/turn              (no ring)

@: no status effects
A: fire resistance 1
a: no special abilities


You were on level 2 of the Dungeon.
You were not hungry.

You visited 1 branch of the dungeon, and saw 2 of its levels.

You collected 59 gold pieces.

Inventory:

Hand Weapons
 a - a +0 hand crossbow (weapon)
 b - a +1 short sword of venom
 d - a +0 hand axe
 l - a +4 whip
Missiles
 c - 28 bolts (quivered)
Armour
 e - a +0 robe (worn)
Scrolls
 g - a scroll of fear {unknown}
 j - a scroll of magic mapping {unknown}
Potions
 m - a potion of flight {unknown}
Books
 k - a book of Minor Magic

   Spells                             Type                      Level
   a - Magic Dart                     Conjuration                  1
   b - Blink                          Translocation                2
   c - Call Imp                       Summoning                    2
   d - Slow                           Hexes                        2
   e - Conjure Flame                  Conjuration/Fire             3
   f - Mephitic Cloud                 Conjuration/Poison/Air       3
Comestibles
 f - a bread ration
 h - 2 fruits


   Skills:
 + Level 1.0 Fighting
 + Level 3.0 Axes
 + Level 0.6 Crossbows
 + Level 1.0 Armour
   Level 1.0 Shields
 + Level 3.5 Spellcasting
   Level 1.0 Evocations


You had 7 spell levels left.
You knew the following spells:

 Your Spells              Type           Power        Failure   Level  Hunger
a - Magic Dart            Conj           #...         26%         1    #......


Dungeon Overview and Level Annotations

Branches:
Dungeon (2/15)

Altars:


Innate Abilities, Weirdness & Mutations

Your flesh is heat resistant. (rF+)


Message History

Press: ? - help, Shift-Dir - straight line, f/p - adder
Aim: an adder (almost dead)
You shoot a bolt. The bolt hits the adder.
The adder is almost dead.
The adder bites you.
* * * LOW HITPOINT WARNING * * *
Firing (i - inventory):
c - 30 bolts (quivered)
Press: ? - help, Shift-Dir - straight line, f - jackal, p - adder
Aim: a jackal You shoot a bolt.
The bolt closely misses the adder.
The bolt closely misses the jackal.
The adder bites you.
* * * LOW HITPOINT WARNING * * *
The adder barely misses you.
Firing (i - inventory):
c - 29 bolts (quivered)
Press: ? - help, Shift-Dir - straight line, f/p - jackal
Aim: a jackal You shoot a bolt.
The bolt barely misses the adder.
The bolt hits the jackal.
You kill the jackal!
The adder bites you.
You die...

#######
.......
#######.......
#.S(..#.......
#@#.(((.(#
#.#........(#
##.#..$....#.#
#.<#..(....#
######.###.#
#+# .# #


You could see an adder.

Vanquished Creatures
  An ooze (D:1)
  A leopard gecko (D:1)
  A bat (D:1)
  A giant cockroach (D:1)
  A hobgoblin (D:2)
  5 jackals
  A frilled lizard (D:1)
  A goblin (D:1)
  5 kobolds
  3 rats (D:1)
20 creatures vanquished.

Notes
Turn   | Place    | Note
-------+----------+-------------------------------------------
     0 | D:1      | slep the Demonspawn Wanderer began the quest for the Orb.
     0 | D:1      | slep set off with: a book of Minor Magic, a +0 hand crossbow, 24 bolts, a +0 hand axe, a +0 robe, a bread ration
     0 | D:1      | Reached XP level 1. HP: 15/15 MP: 4/4
     2 | D:1      | Learned a level 1 spell: Magic Dart
    60 | D:1      | Gained mutation: Your flesh is heat resistant. (rF+) [demonic ancestry]
    60 | D:1      | Reached XP level 2. HP: 21/21 MP: 6/6
   485 | D:2      | HP: 1/21 [poisoned by an adder]
   489 | D:2      | Slain by an adder

Vault maps used:
D:1:      dpeg_arrival_orchard
D:2:      minmay_shallow_snake_nest

Skill      XL: |  1  2 |
---------------+-------+-----
Axes           | 3 |  3.0
Fighting       | |  1.0
Crossbows      | |  0.6
Armour         | |  1.0
Shields        | |  1.0
Spellcasting   | |  3.5
Evocations     | |  1.0

Action                   || total
-------------------------++-------
Melee: Short sword       ||     8
 Fire: Hand crossbow     ||    41
  Use: Potion            ||     1
Armor: Robe              ||    11
Dodge: Dodged            ||    28

Table legend:
 A = Spawn XP
 B = Non-spawn XP
 C = Spawn XP percentage of total XP
 D = Spawn monster count
 E = Non-spawn monster count
 F = Spawn count percentage of total count
 G = Total turns spent on level
                    A         B        C        D         E        F      G
               +---------+---------+-------+---------+---------+-------+---------
         Total |       0 |      39 |   0.0 |       0 |      20 |   0.0 |   489
               +---------+---------+-------+---------+---------+-------+---------
           D:1 |       0 |      33 |   0.0 |       0 |      17 |   0.0 |   459
           D:2 |       0 |       6 |   0.0 |       0 |       3 |   0.0 |    30
               +---------+---------+-------+---------+---------+-------+---------
